 Dungeon Crawl Stone Soup version 0.27.1-37-g7b29ead8ac (webtiles) character file.

Game seed: 14664243036512847763

47 cbfl8 the Scratcher (level 3, -1/17 HPs)
             Began as a Felid Fighter on Sept 4, 2023.
             Was a Believer of Fedhas.
             Slain by a hobgoblin (3 damage)
             ... on level 1 of the Dungeon.
             The game lasted 00:08:34 (2556 turns).

cbfl8 the Scratcher (Felid Fighter)                 Turns: 2556, Time: 00:08:35

Health: -1/17      AC:  1    Str: 12    XL:     3   Next: 48%
Magic:  4/4        EV: 19    Int:  9    God:    Fedhas [**....]
Gold:   59         SH:  0    Dex: 16    Spells: 2/2 levels left
                                        Lives:  0   Deaths: 0

rFire    . . .     SeeInvis +     - Unarmed
rCold    . . .     Faith    .   (shield unavailable)
rNeg     . . .     Spirit   .   (armour unavailable)
rPois    .         Reflect  .   (helmet unavailable)
rElec    .         Harm     .   (cloak unavailable)
rCorr    .         Rampage  .   (gloves unavailable)
Will     .....                  (boots unavailable)
Stlth    ++........             (no amulet)
HPRegen  0.05/turn              b - ring of wizardry
MPRegen  0.09/turn              (no ring)

@: quick
A: very small, claws 1, fangs 3, see invisible, speed 1, shaggy fur 1, stealthy
paws, no weapons or thrown items, no armour, multi-lived
a: Renounce Religion, Wall of Briars


You were on level 1 of the Dungeon.
You worshipped Fedhas.
Fedhas was pleased with you.
You visited 1 branch of the dungeon, and saw 2 of its levels.

You collected 59 gold pieces.

Inventory:

Jewellery
 b - a ring of wizardry (left paw)
Scrolls
 d - a scroll of magic mapping {unknown}
 e - a scroll of teleportation {unknown}
 g - a scroll of identify {unknown}
 h - a scroll of amnesia {unknown}
Potions
 a - a potion of might
 c - a potion of curing {unknown}
 f - a potion of flight {unknown}


   Skills:
 + Level 3.1 Fighting
 + Level 4.7 Dodging
 + Level 0.2 Stealth
 + Level 4.7 Unarmed Combat
 * Level 0.2 Invocations


You had 2 spell levels left.
You didn't know any spells.
Your spell library was empty.

Dungeon Overview and Level Annotations

Branches:
Dungeon (2/15)

Altars:
Fedhas


Innate Abilities, Weirdness & Mutations

You have sharp claws.
You have razor-sharp teeth.
You have supernaturally acute eyesight. (SInv)
You cover ground quickly. (Speed+)
You are covered in fur. (AC +1)
Your paws help you pounce on unaware monsters.
You are incapable of wielding weapons or throwing items.
You cannot wear armour.
You gain extra lives every three experience levels.


Message History

A hobgoblin is nearby!
An adder comes into view.
The adder hisses angrily.
The adder moves out of view.
A hobgoblin is nearby!
Found a chain mail, a club, 5 stones and 8 sling bullets.
The hobgoblin shouts!
There are monsters nearby!
There are monsters nearby!
The hobgoblin misses you.
There are monsters nearby!
You closely miss the adder. The adder bites you. The hobgoblin hits you.
You are too injured to fight recklessly!
Unknown command.
You are too injured to fight recklessly!
Unknown command.
Unknown command.
You are too injured to fight recklessly!
Unknown command.
You are too injured to fight recklessly!
You are too injured to fight recklessly!
A bat comes into view.
The adder bites you. The adder bites you but does no damage.
A hobgoblin comes into view.
The adder bites you.
* * * LOW HITPOINT WARNING * * *
The hobgoblin shouts!
The hobgoblin hits you.
* * * LOW HITPOINT WARNING * * *
There is a stone staircase leading up here.
The hobgoblin completely misses you.
You climb upwards.
There is a stone staircase leading down here.
You scratch the hobgoblin.
You bite the hobgoblin, but do no damage.
The hobgoblin is heavily wounded.
The hobgoblin hits you.
You die...
Fedhas appreciates your contribution to the ecosystem.

#.###.###.###...##
#.##.## ##......##
#.....###.........
##.....#>.####.#[#
#.###..####...... #.#
#.###........ #.# #(#
#.....#.# #####g#
#.###.....#.# #...@.#
#.##........# #.#####
#...........#
#.#######..#.>......#
#.##....#..##.....#..
#.##.##.....#....####
###...##......#.## #
##.###......#.# #
##.###........#####
#...##..#..........


You could see a hobgoblin.

Vanquished Creatures
  An adder (D:2)
  A dart slug (D:1)
  6 endoplasms
  2 giant cockroaches
  2 goblins (D:1)
  3 hobgoblins
  4 kobolds
  2 quokkas (D:1)
  4 ball pythons
  3 bats
  3 frilled lizards
  2 rats (D:1)
33 creatures vanquished.

Notes
Turn   | Place    | Note
-------+----------+-------------------------------------------
     0 | D:1      | cbfl8 the Felid Fighter began the quest for the Orb.
     0 | D:1      | Reached XP level 1. HP: 10/10 MP: 2/2
   210 | D:1      | Found a faded altar of an unknown god.
   319 | D:1      | Became a worshipper of Fedhas Madash
   319 | D:1      | Reached * piety under Fedhas
   650 | D:1      | Reached XP level 2. HP: 10/14 MP: 3/3
  1900 | D:1      | Reached XP level 3. HP: 15/17 MP: 4/4
  1988 | D:2      | Reached ** piety under Fedhas
  2556 | D:1      | Slain by a hobgoblin

Illustrated notes

Levels and vault maps discovered:
D:1:      psy_arrival_statuary, layout_loops_ring,
          hellmonk_ecumenical_altar_lost_god, amcnicky_mini_corridor_feature
D:2:      minmay_spotlight, layout_basic

Action                   || total
-------------------------++-------
Melee: Unarmed           ||    80
       Bite              ||     9
       Punch             ||     1
 Stab: Sleeping          ||     3
Armor: Skin              ||     3
Dodge: Dodged            ||    59
